 Dungeon Crawl Stone Soup version 0.29.0-4-gdea44cf6ec (webtiles) character file.

Game seed: 14924044461559302579

24 qw the Chopper (level 3, -1/21 HPs)
             Began as a Tengu Warper on Aug 28, 2022.
             Succumbed to a water moccasin's poison
             ... on level 2 of the Dungeon.
             The game lasted 00:00:06 (1472 turns).

qw the Chopper (Tengu Warper)                       Turns: 1472, Time: 00:00:07

Health: -1/21      AC:  7    Str: 13    XL:     3   Next: 2%
Magic:  7/7        EV: 11    Int: 13    God:
Gold:   107        SH:  0    Dex: 13    Spells: 6/6 levels left

rFire   . . .      SeeInvis .   Y - +2 hand axe (elec)
rCold   . . .      Faith    .   (no shield)
rNeg    . . .      Spirit   .   f - +0 ring mail
rPois   .          Reflect  .   (helmet restricted)
rElec   .          Harm     .   k - +1 cloak
rCorr   .          Rampage  .   (no gloves)
Will    .....                   (boots unavailable)
Stlth   +.........              (no amulet)
HPRegen 0.07/turn               (no ring)
MPRegen 0.10/turn               (no ring)

@: lethally poisoned (-1 -> -8)
A: beak, talons 3
a: no special abilities


You were on level 2 of the Dungeon.
You visited 1 branch of the dungeon, and saw 3 of its levels.

You collected 107 gold pieces.


Innate Abilities, Weirdness & Mutations

You have a beak for a mouth.
You have claws for feet.


   Skills:
 - Level 2.0 Fighting
 + Level 3.7 Axes
 - Level 1.0 Throwing
 - Level 1.1 Armour
 - Level 2.1 Dodging
 - Level 2.0 Spellcasting
 - Level 2.4 Translocations


You had 6 spell levels left.
You didn't know any spells.
Your spell library contained the following spells:

 Spells                   Type           Power      Damage    Failure   Level
 Blink                    Tloc           14%        N/A       30%         2
 Gell's Gravitas          Tloc           7%         N/A       52%         3
 Lesser Beckoning         Tloc           7%         N/A       52%         3
 Teleport Other           Tloc           7%         N/A       52%         3
 Manifold Assault         Tloc           7%         N/A       99%         5

Inventory:

Hand Weapons
 e - a +0 club
 Y - a +2 hand axe of electrocution (weapon)
Armour
 f - a +0 ring mail (worn)
 k - a +1 cloak (worn)
Scrolls
 b - a scroll of identify
Potions
 g - a potion of brilliance {unknown}
 h - a potion of flight {unknown}
 i - a potion of cancellation {unknown}

Dungeon Overview and Level Annotations

Branches:
Dungeon (3/15)

Altars:


Message History

There is a stone staircase leading down here.
You climb downwards.
The water moccasin hisses angrily.
The adder hisses angrily. x2
Found a scroll of poison, 15 gold pieces and a scroll of vulnerability.
Found a stone staircase leading up.
There is a stone staircase leading up here.
There are monsters nearby!
Existing waypoints: (1) D:2 (2) D:1 Assign waypoint to what number? (0-9, D - delete waypoint) Waypoint 2 re-assigned from D:1 to D:3.
Enter note: You closely miss the bat.
The bat hits you but does no damage.
1466 ||| STAIRDANCE The bat hits you.
The water moccasin barely misses you.
You climb upwards.
There is a stone staircase leading down here.
You barely miss the water moccasin. Your peck misses the water moccasin.
You closely miss the bat. The bat hits you but does no damage.
The bat misses you. The water moccasin bites you.
You are poisoned.
The water moccasin poisons you!
The water moccasin bites you but does no damage.
You closely miss the water moccasin. Your kick misses the water moccasin.
You peck the water moccasin, but do no damage.
You feel very sick. The bat hits you. The water moccasin closely misses you.
You closely miss the water moccasin.
You feel sick. The bat barely misses you. The water moccasin barely misses you.
The water moccasin bites you but does no damage.
You slash the water moccasin!
You claw the water moccasin, but do no damage.
You peck the water moccasin, but do no damage.
The water moccasin is moderately wounded.
You feel sick. The bat closely misses you. The water moccasin bites you.
You slash the water moccasin! You claw the water moccasin.
The water moccasin is severely wounded.
You die...

#.##.##..........####......##
#.##.<.....###.......########
#.########## #...###.# #
###.##### ##### #.# # ##.......#
#.# # #......#.##############.#
#
#..#.#.#.##.....#.......########
#..#...#.##....S#.####..#.......
#..##..#.##....@.b# #..........
#......#.##.....### ##.##.......
##.......##.....# ##...######..
##.#.#.######### #.....# #.#
#.#..##.# #).#..# #.# ##..##.##
#.....# #.# ####.#.##
#######...## ###.# #.......#
#........## #.... #.##.##.#
#.#####..# #.#.#


You could see a water moccasin and a bat.

Vanquished Creatures
  An adder (D:2)
  2 endoplasms (D:1)
  3 goblins
  2 hobgoblins (D:1)
  2 ball pythons (D:2)
  3 frilled lizards
  A kobold (D:2)
  2 rats
16 creatures vanquished.

Notes
Turn   | Place    | Note
-------+----------+-------------------------------------------
     0 | D:1      | qw the Tengu Warper began the quest for the Orb.
     0 | D:1      | Reached XP level 1. HP: 12/12 MP: 4/4
     0 | D:1      | 0 ||| qw: Version: 0.1-a-89-g26bdef1
     0 | D:1      | 0 ||| qw: Game counter: 1336
     0 | D:1      | 0 ||| qw: Always use a shield: true
     0 | D:1      | 0 ||| qw: God list: Okawaru
     0 | D:1      | 0 ||| qw: Allow faded altars: false
     0 | D:1      | 0 ||| qw: Do Orc after D:15 true
     0 | D:1      | 0 ||| qw: Do second Lair branch before Depths: true
     0 | D:1      | 0 ||| qw: Lair rune preference: random
     0 | D:1      | 0 ||| qw: Plans: Normal
     0 | D:1      | 0 ||| PLANNING D:1-11
   333 | D:1      | Found a faded altar of an unknown god.
   412 | D:1      | 412 ||| SWAPPING to +2 hand axe of electrocution.
   413 | D:1      | 413 ||| DROPPING +0 hand axe.
   420 | D:1      | Reached XP level 2. HP: 17/17 MP: 6/6
   473 | D:1      | Reached skill level 3 in Axes
   695 | D:1      | 695 ||| UPGRADING to +0 ring mail.
   705 | D:1      | 705 ||| DROPPING +0 leather armour.
   706 | D:1      | 706 ||| UPGRADING to +1 cloak.
   711 | D:1      | 711 ||| READING scroll labelled WAGAZESHOUNI.
   712 | D:1      | 712 ||| READING scroll labelled BONIAPR IMOYQI.
   713 | D:1      | 713 ||| READING scroll labelled FIOTYL EMUXO.
   714 | D:1      | 714 ||| DROPPING scroll of blinking.
  1120 | D:2      | 1120 ||| Stepping ~*~*~tactically~*~*~ (stealth).
  1227 | D:2      | Reached XP level 3. HP: 21/21 MP: 7/7
  1318 | D:2      | 1318 ||| READING scroll labelled VOINWO JATZYTZ.
  1319 | D:2      | 1319 ||| READING scroll labelled ZIAKKU QASCHYL.
  1320 | D:2      | 1320 ||| READING scroll labelled NODUZO PIFOIH.
  1321 | D:2      | 1321 ||| DRINKING 2 fizzy orange potions.
  1322 | D:2      | 1322 ||| Stepping randomly (stuck).
  1323 | D:2      | 1323 ||| Stepping ~*~*~tactically~*~*~ (cloud).
  1323 | D:2      | HP: 5/21 [poisoned by you (poison gas)]
  1324 | D:2      | 1324 ||| DRINKING potion of curing.
  1324 | D:2      | 1324 ||| (to cure poison)
  1463 | D:3      | Noticed a water moccasin
  1466 | D:3      | 1466 ||| STAIRDANCE
  1471 | D:2      | HP: 1/21 [water moccasin (6)]
  1472 | D:2      | Succumbed to a water moccasin's poison

Levels and vault maps discovered:
D:1:      onia_arrival_mini_spirals, layout_basic,
          shapermc_ecumenical_altar_petra
D:2:      layout_loops_cross
D:3:      layout_rooms, nicolae_overflow_two_pavilions, serial_shops,
          nicolae_shop_bloodbath_and_beyond

Skill      XL: |  1  2 |
---------------+-------+-----
Axes           | 3 |  3.7
Fighting       | |  2.0
Throwing       | |  1.0
Armour         | |  1.1
Dodging        | |  2.1
Spellcasting   | |  2.0
Translocations | |  2.4

Action                   || total
-------------------------++-------
Melee: Hand axe          ||    32
       Kick              ||    12
       Peck              ||     6
Throw: Boomerang         ||     7
  Use: Scroll            ||     6
       Potion            ||     2
Armor: Ring mail         ||     7
Dodge: Dodged            ||    16

Table legend:
 A = Non-vault XP
 B = Vault XP
 C = Vault XP percentage of total XP
 D = Non-vault monster count
 E = Vault monster count
 F = Vault count percentage of total count
                 A         B        C        D         E       F
            +---------+---------+-------+---------+---------+-------
      Total |      35 |       0 |   0.0 |      16 |       0 |   0.0
            +---------+---------+-------+---------+---------+-------
        D:1 |      13 |       0 |   0.0 |       8 |       0 |   0.0
        D:2 |      22 |       0 |   0.0 |       8 |       0 |   0.0
            +---------+---------+-------+---------+---------+-------
